 Dungeon Crawl Stone Soup version 0.21.1-1-g345015f (webtiles) character file.

1280 yogidapunk the Archer (level 8, -6/68 HPs)
             Began as a Centaur Hunter on Feb 13, 2018.
             Was a Follower of Okawaru.
             Mangled by a black bear (8 damage)
             ... on level 6 of the Dungeon.
             The game lasted 00:12:21 (7983 turns).

yogidapunk the Archer (Centaur Hunter)              Turns: 7983, Time: 00:12:21

Health: -6/68      AC:  9    Str: 18    XL:     8   Next: 29%
Magic:  8/8        EV:  7    Int: 10    God:    Okawaru [*.....]
Gold:   315        SH:  0    Dex: 11    Spells: 7/7 levels left

rFire    . . .     SeeInvis .   a - +1 shortbow
rCold    . . .     Gourm    .   (shield currently unavailable)
rNeg     . . .     Faith    .   n - +0 scale mail
rPois    .         Spirit   .   j - +2 helmet
rElec    .         Reflect  .   (no cloak)
rCorr    .         Harm     .   (no gloves)
MR       .....                  (no barding)
Stlth    ..........             s - amulet of magic regeneration
HPRegen  0.21/turn              r - +2 ring of strength
MPRegen  0.36/turn              (no ring)

@: very quick
A: large, hooves 3, deformed body, speed 2, tough skin 3
a: Heroism, Renounce Religion


You were on level 6 of the Dungeon.
You worshipped Okawaru.
Okawaru was aware of your devotion.
You were not hungry.

You visited 2 branches of the dungeon, and saw 6 of its levels.
You also visited: Sewer.

You collected 315 gold pieces.

Inventory:

Hand Weapons
 a - a +1 shortbow (weapon)
 b - a +0 short sword
Missiles
 d - 77 arrows (quivered)
Armour
 j - a +2 helmet (worn)
 n - a +0 scale mail (worn)
 q - a +0 plate armour
 w - a +0 chain mail
Jewellery
 r - a +2 ring of strength (left hand)
 s - an amulet of magic regeneration (around neck)
Scrolls
 g - 5 scrolls of teleportation
 h - a scroll of enchant weapon {unknown}
 k - a scroll of remove curse {unknown}
 m - a scroll of magic mapping {unknown}
 o - a scroll of fog {unknown}
 u - a scroll of blinking {unknown}
 v - a scroll of identify
 y - a scroll of immolation {unknown}
 C - a scroll of fear {unknown}
Potions
 e - 4 potions of flight
 i - a potion of degeneration
 l - 2 potions of curing
 p - a potion of ambrosia
 t - a potion of haste
 x - a potion of might {unknown}
 z - a potion of experience {unknown}
 D - a potion of cancellation {unknown}
Books
 c - a book of Minor Magic

   Spells                             Type                      Level
   a - Magic Dart                     Conjuration                  1
   b - Blink                          Translocation                2
   c - Call Imp                       Summoning                    2
   d - Slow                           Hexes                        2
   e - Conjure Flame                  Conjuration/Fire             3
   f - Mephitic Cloud                 Conjuration/Poison/Air       3
 A - a book of Geomancy

   Spells                             Type                      Level
   a - Sandblast                      Earth                        1
   b - Passwall                       Transmutation/Earth          2
   c - Stone Arrow                    Conjuration/Earth            3
   d - Petrify                        Transmutation/Earth          4
   e - Lee's Rapid Deconstruction     Earth                        5
Comestibles
 f - 11 rations


   Skills:
 - Level 5.1 Fighting
 + Level 12.3 Bows
 - Level 1.3 Dodging
 - Level 0.4 Stealth


You had 7 spell levels left.
You didn't know any spells.

Dungeon Overview and Level Annotations

Branches:
Dungeon (6/15)             Temple (1/1) D:5

Altars:
Ashenzari
Elyvilon
Gozag
Hepliaklqana
Kikubaaqudgha
Makhleb
Nemelex Xobeh
Okawaru
Qazlal
Trog
Uskayaw
Wu Jian
Xom
Yredelemnul
The Shining One

Shops:
D:4 %

Annotations:
D:4 FlatFly's ghost, amateur FeVM


Innate Abilities, Weirdness & Mutations

You have hooves in place of feet.
Armour fits poorly on your strangely shaped body.
You cover ground very quickly.
You have extremely tough skin. (AC +3)


Message History

Firing (i - inventory):
d - 80 arrows (quivered)
Press: ? - help, Shift-Dir - straight line, f - black bear
Aim: a black bear (almost dead, berserk, fast, unusually strong)
You shoot an arrow. The arrow barely misses the black bear.
The black bear bites you but does no damage.
The black bear claws you.
* * * LOW HITPOINT WARNING * * *
The black bear claws you but does no damage.
Unknown command.
Firing (i - inventory):
d - 79 arrows (quivered)
Press: ? - help, Shift-Dir - straight line, f/p - black bear
Aim: a black bear (almost dead, berserk, fast, unusually strong)
You shoot an arrow. The arrow barely misses the black bear.
Firing (i - inventory):
d - 78 arrows (quivered)
Press: ? - help, Shift-Dir - straight line, f/p - black bear
Aim: a black bear (almost dead, berserk, fast, unusually strong)
You shoot an arrow. The arrow hits the black bear.
The black bear is almost dead.
The black bear bites you!
You die...

.#..##.##.####..#.######.#
.#..##.##.........# #.#
##..##.#################.##
...................<......#
....##.####################
)#.#)................>)<.#
.#....................[..#
.###.#.###################
.....#...# #....@h..!..(
########.# #.###########
#....# #.# #....# #.#
#....# #.# #....###.#
#........# #...####.# #...#
#.#


You could see a black bear (berserk).

Vanquished Creatures
  The ghost of Hubbles the Fighter, a novice GnWn of Ru (D:6)
  A sky beast (D:5)
  An ogre (D:5)
  A phantom (D:5)
  2 scorpions (D:4)
  A crimson imp (D:5)
  2 hounds
  An orc priest (D:6)
  A jelly (D:6)
  A merfolk siren (Sewer)
  4 worker ants
  A merfolk avatar (Sewer)
  A hound zombie (D:6)
  A hound skeleton (D:4)
  2 worker ant zombies
  A howler monkey skeleton (D:5)
  6 adders
  A gnoll (D:1)
  3 river rats (D:6)
  2 oozes
  4 worms
  3 leopard geckos
  14 orcs
  9 giant cockroaches
  8 goblins
  8 hobgoblins
  A jackal (D:1)
  5 kobolds (D:1)
  4 quokkas
  2 ball pythons
  4 bats
  12 frilled lizards
  A jackal skeleton (D:6)
  A jackal zombie (D:6)
  29 rats
139 creatures vanquished.

Notes
Turn   | Place    | Note
-------+----------+-------------------------------------------
     0 | D:1      | yogidapunk the Centaur Hunter began the quest for the Orb.
     0 | D:1      | Reached XP level 1. HP: 17/17 MP: 1/1
   723 | D:1      | Reached skill level 6 in Bows
   723 | D:1      | Reached XP level 2. HP: 16/24 MP: 2/2
  1221 | D:1      | Reached XP level 3. HP: 29/29 MP: 3/3
  1850 | D:2      | Reached skill level 7 in Bows
  2398 | D:2      | Found a sparkling altar of Nemelex Xobeh.
  2403 | D:2      | Reached XP level 4. HP: 36/36 MP: 4/4
  2602 | D:2      | You fall through a shaft for 2 floors!
  2969 | D:4      | Reached skill level 8 in Bows
  3041 | D:4      | Noticed FlatFly's ghost (amateur FeVM)
  3357 | D:4      | Reached XP level 5. HP: 32/41 MP: 5/5
  3735 | D:4      | Found a shimmering altar of Xom.
  3735 | D:4      | Found a hide-covered altar of Uskayaw.
  3769 | D:4      | Reached skill level 9 in Bows
  3793 | D:4      | Found a white marble altar of Elyvilon.
  4116 | D:4      | Found Atheih's Food Shop.
  4162 | D:4      | Reached XP level 6. HP: 26/48 MP: 6/6
  4582 | D:5      | Entered Level 5 of the Dungeon
  4623 | D:5      | Reached skill level 10 in Bows
  4713 | D:5      | Found an ancient bone altar of Kikubaaqudgha.
  4740 | D:5      | Reached XP level 7. HP: 49/56 MP: 7/7
  5207 | D:5      | Found a staircase to the Ecumenical Temple.
  5288 | Temple   | Entered the Ecumenical Temple
  5656 | D:5      | Found an iron altar of Okawaru.
  5665 | D:5      | Became a worshipper of Warmaster Okawaru
  5790 | D:6      | Noticed Hubbles's ghost (novice GnWn)
  6107 | D:6      | Found a glowing drain.
  6134 | Sewer    | Entered a sewer
  6329 | Sewer    | Reached skill level 5 in Fighting
  6669 | Sewer    | Reached skill level 11 in Bows
  7069 | D:6      | Killed Hubbles's ghost
  7069 | D:6      | Reached * piety under Okawaru
  7069 | D:6      | Reached skill level 12 in Bows
  7069 | D:6      | Reached XP level 8. HP: 22/68 MP: 8/8
  7795 | D:6      | Found a shattered altar of Ashenzari.
  7981 | D:6      | HP: 1/68 [black bear (3)]
  7983 | D:6      | Mangled by a black bear

Skill      XL: |  1  2  3  4  5  6  7 |
---------------+----------------------+-----
Bows           | 6 7 8 9 10 12 | 12.3
Fighting       | 5 |  5.1
Dodging        | |  1.3
Stealth        | |  0.4

Action                   |  1- 3 |  4- 6 |  7- 9 || total
-------------------------+-------+-------+-------++-------
Melee: Short sword       |   127 |    95 |   182 ||   404
       Kick              |    21 |    18 |    43 ||    82
 Fire: Shortbow          |    19 |    70 |   132 ||   221
  Use: Potion            |     2 |       |       ||     2
       Scroll            |       |       |     8 ||     8
  Eat: Ration            |     1 |     1 |     1 ||     3
       Chunk             |       |     3 |     6 ||     9
Armor: Leather armour    |     7 |       |       ||     7
       Ring mail         |    46 |    22 |       ||    68
       Scale mail        |       |    41 |   137 ||   178
Dodge: Dodged            |    48 |    49 |    85 ||   182
